 Dungeon Crawl Stone Soup version 0.26-a0-962-g9b92081034 (webtiles) character file.

Game seed: 10496491649783897420

66 Gildeon the Poker (level 4, 0/35 HPs)
             Began as a Formicid Fighter on Dec 2, 2020.
             Killed from afar by a dart slug (5 damage)
             ... with a slug dart
             ... on level 2 of the Dungeon.
             The game lasted 00:05:00 (1031 turns).

Gildeon the Poker (Formicid Fighter)                Turns: 1031, Time: 00:05:01

Health: 0/35       AC:  6    Str: 21    XL:     4   Next: 37%
Magic:  4/4        EV:  7    Int:  8    God:
Gold:   89         SH:  9    Dex: 10    Spells: 3/3 levels left

rFire    + . .     SeeInvis +   a - +0 trident
rCold    x . .     Faith    .   c - +0 kite shield
rNeg     . . .     Spirit   .   b - +0 scale mail
rPois    .         Reflect  .   (helmet unavailable)
rElec    .         Harm     .   (no cloak)
rCorr    .         Rampage  .   (no gloves)
MR       .....                  (no boots)
Stlth    ..........             (no amulet)
HPRegen  0.11/turn              h - ring of fire
MPRegen  0.09/turn              (no ring)

@: mighty
A: permanent stasis, dig shafts and tunnels, four strong arms, antennae 3
a: Dig, Shaft Self


You were on level 2 of the Dungeon.
You visited 1 branch of the dungeon, and saw 2 of its levels.

You collected 89 gold pieces.

Inventory:

Hand Weapons
 a - a +0 trident (weapon)
Armour
 b - a +0 scale mail (worn)
 c - a +0 kite shield (worn)
Jewellery
 h - a ring of fire (left hand)
Scrolls
 e - a scroll of remove curse {unknown}
 i - 2 scrolls of fog {unknown}
 j - a scroll of enchant weapon {unknown}
Potions
 f - a potion of curing {unknown}
 g - 3 potions of lignification {unknown}


   Skills:
 - Level 3.2 Fighting
 + Level 4.3 Polearms
 - Level 3.2 Armour
 - Level 3.6 Shields


You had 3 spell levels left.
You didn't know any spells.
Your spell library was empty.

Dungeon Overview and Level Annotations

Branches:
Dungeon (2/15)

Altars:


Innate Abilities, Weirdness & Mutations

You cannot be hasted, slowed, berserked, paralysed or teleported.
You can dig through walls and to a lower floor.
Your four strong arms can wield two-handed weapons with a shield.
You have a pair of large antennae on your head. (SInv)


Message History

Aim: a gnoll, wielding a +0 spear You reach to attack!
You puncture the gnoll!
The gnoll is heavily wounded.
You block the gnoll's attack.
Reach: a) +0 trident
Press: ? - help, Dir - move target, f/p - gnoll
Aim: a gnoll, wielding a +0 spear (heavily wounded)
You reach to attack!
You puncture the gnoll!
You kill the gnoll!
The giant cockroach bites you.
* * * LOW HITPOINT WARNING * * *
You barely miss the giant cockroach.
The giant cockroach bites you but does no damage.
You puncture the giant cockroach!
You kill the giant cockroach!
You puncture the dart slug!
The dart slug is almost dead.
The dart slug launches a dart at you. The slug dart hits you.
You die...

#.#####...###.#######.
#.# #.#..#..# #.#
#.##...## #.#
#.##...######.# #.#
###.##.........# ...
.....>...######.# .#
##.###.## #.##...#####
#.# #...@w).###.gg$.
#..[###.......# #####
#######.#


You could see a dart slug.

Vanquished Creatures
  4 gnolls (D:2)
  2 giant cockroaches
  4 goblins (D:1)
  5 hobgoblins (D:1)
  A quokka (D:2)
  5 bats
  4 frilled lizards (D:1)
  2 rats (D:1)
27 creatures vanquished.

Notes
Turn   | Place    | Note
-------+----------+-------------------------------------------
     0 | D:1      | Gildeon the Formicid Fighter began the quest for the Orb.
     0 | D:1      | Reached XP level 1. HP: 18/18 MP: 1/1
   318 | D:1      | Reached XP level 2. HP: 24/24 MP: 2/2
   498 | D:1      | Reached skill level 3 in Polearms
   672 | D:1      | Reached XP level 3. HP: 29/29 MP: 3/3
  1026 | D:2      | Reached skill level 4 in Polearms
  1026 | D:2      | Reached XP level 4. HP: 6/35 MP: 4/4
  1031 | D:2      | Killed from afar by a dart slug

Illustrated notes

Levels and vault maps discovered:
D:1:      lightli_arrival_maybe_door_vault, layout_basic
D:2:      minmay_diamond_boxcup, layout_loops_ring, overflow_temple_1_default,
          corexii_corridor_pit, uniq_robin

Skill      XL: |  1  2  3 |
---------------+----------+-----
Polearms       | 3 4 |  4.3
Fighting       | |  3.2
Armour         | |  3.2
Shields        | |  3.6

Action                   |  1- 3 |  4- 6 || total
-------------------------+-------+-------++-------
Melee: Trident           |    95 |     5 ||   100
 Abil: Dig               |     1 |       ||     1
  Use: Potion            |     1 |       ||     1
Armor: Scale mail        |    37 |     1 ||    38
Dodge: Dodged            |    18 |       ||    18
Block: Kite shield       |    50 |     1 ||    51

Table legend: (Time is in decaauts)
 A = Elapsed time spent in this place.
 B = Non-inter-level travel time spent in this place.
 C = Inter-level travel time spent in this place.
 D = Time resting spent in this place.
 E = Time spent auto-exploring this place.
 F = Levels seen in this place.
 G = Mean time per level.
                   A        B        C        D        E       F      G
               +--------+--------+--------+--------+--------+-----+--------+
         Total |   1051 |   1039 |     12 |    215 |    579 |   2 |  525.5 |
       Dungeon |   1051 |   1039 |     12 |    215 |    579 |   2 |  525.5 |
               +--------+--------+--------+--------+--------+-----+--------+

Top non-repeatable levels by time:
     D:1: 917 daAuts
     D:2: 133 daAuts
